AoeStats
← NPG | Shimishi Maki

Nomad

509706078Analyzed
4v4 RM · 4d ago on Sep 27, 2026· 58m 14s· 8 players
Game mode
Random Map
Map size
231×231
Population
200
Speed
Normal
Resources
Standard
Victory
Conquest
Starting age
Dark Age
Ending age
Imperial Age
RankedLock teamsTeams togetherTeam positionsShared explorationLock speedFull tech treeHidden civsTurbo modeCheats
Victory
Defeat
🇨🇱 Wu · Chile
1641
+16
🇨🇱 Dravidians · Chile
1602
+18
🇨🇱 Bulgarians · Chile
1581
+19
🇨🇱 Persians · Chile
1511
+21
🇨🇱 Persians · Chile
1723
-22
🇨🇱 Spanish · Chile
1722
-22
🇨🇱 Bohemians · Chile
1557
-15
🇨🇱 Italians · Chile
1552
-15
[CL]CHiNO
8:15 Loom
28:44 Feudal Age
29:19 Double-Bit Axe
30:20 Fishing Lines
32:50 Castle Age
34:01 Bow Saw
34:02 Gillnets
34:15 Gold Mining
37:08 Wheelbarrow
38:15 Gold Shaft Mining
44:44 Imperial Age
43:25 Horse Collar
44:04 Hand Cart
44:38 Scale Barding Armor
44:22 Town Watch
45:04 Heavy Plow
46:15 Two-Man Saw
44:52 Cavalier
45:39 Husbandry
46:13 Bloodlines
46:26 Conscription
46:29 Chain Barding Armor
47:24 Plate Barding Armor
46:39 Savar
48:01 Forging
49:08 Crop Rotation
49:37 Iron Casting
52:01 Blast Furnace
52:28 Light Cavalry
57:27 Hussar
[CL] FARFANA
4:33 Loom
12:26 Feudal Age
14:19 Double-Bit Axe
14:29 Fletching
20:53 Castle Age
19:52 Padded Archer Armor
20:50 Gold Mining
21:54 Bow Saw
21:11 Crossbowman
22:41 Bodkin Arrow
30:18 Horse Collar
32:03 Wheelbarrow
32:42 Ballistics
34:06 Leather Archer Armor
39:50 Imperial Age
40:37 Bracer
41:23 Arbalester
44:07 Chemistry
45:16 Hand Cart
46:08 Two-Man Saw
47:00 Ring Archer Armor
48:57 Thumb Ring
50:00 Conscription
50:37 Wootz Steel
49:39 Pikeman
50:19 Squires
50:21 Scale Mail Armor
51:09 Chain Mail Armor
50:21 Halberdier
52:45 Plate Mail Armor
53:36 Forging
54:49 Masonry
55:57 Iron Casting
57:52 Blast Furnace
[CL]LaCumbiaSuave
4:34 Loom
12:31 Feudal Age
16:37 Fletching
16:34 Double-Bit Axe
22:57 Castle Age
21:55 Fishing Lines
22:16 Gold Mining
23:51 Medium Warships
23:37 Bodkin Arrow
26:06 Wheelbarrow
25:54 Gillnets
26:38 Horse Collar
27:13 Bow Saw
33:36 Imperial Age
31:11 Stone Mining
31:34 Scale Barding Armor
31:39 Forging
33:02 Husbandry
33:14 Bloodlines
33:45 Gold Shaft Mining
34:15 Chain Barding Armor
34:50 Iron Casting
34:33 Hand Cart
33:44 Cavalier
35:25 Plate Barding Armor
34:21 Capped Ram
35:00 Town Watch
35:26 Stirrups
35:32 Siege Ram
37:42 Conscription
37:44 Heavy Scorpion
41:04 Blast Furnace
40:05 Bracer
40:06 Padded Archer Armor
42:27 Light Cavalry
43:29 Hussar
51:30 Scale Mail Armor
51:46 Leather Archer Armor
53:16 Chemistry
52:40 Ballistics
[CL]Jupy
9:26 Loom
11:54 Feudal Age
12:24 Double-Bit Axe
14:02 Fishing Lines
17:33 Forging
20:20 Castle Age
20:16 Gold Mining
21:07 Squires
21:09 Scale Mail Armor
21:46 Medium Warships
21:46 Gillnets
22:25 Bow Saw
24:00 Chain Mail Armor
24:38 Horse Collar
30:00 Fletching
31:30 Stone Mining
33:38 Pikeman
34:21 Town Watch
38:56 Imperial Age
37:26 Gold Shaft Mining
36:51 Heavy Plow
37:56 Wheelbarrow
38:10 Bodkin Arrow
38:55 Iron Casting
39:50 Hand Cart
40:19 Plate Mail Armor
40:50 Blast Furnace
40:12 Conscription
41:42 Two-Man Saw
40:51 Halberdier
41:17 Arson
41:48 Treadmill Crane
42:31 Ballistics
42:59 Bodkin Arrow
44:05 Chemistry
43:39 Sitting Tiger
45:04 Masonry
47:28 Stone Shaft Mining
50:04 Architecture
51:06 Murder Holes
NPG | El Compadre
12:31 Feudal Age
13:15 Loom
13:29 Double-Bit Axe
18:06 Castle Age
16:50 Fletching
18:17 Fishing Lines
18:59 Bow Saw
20:25 Wheelbarrow
20:41 Fervor
36:05 Imperial Age
33:37 Horse Collar
34:59 Sanctity
35:10 Redemption
36:02 Hand Cart
37:00 Scale Mail Armor
37:10 Forging
38:10 Block Printing
37:23 Pikeman
38:03 Squires
38:44 Chain Mail Armor
39:22 Iron Casting
38:58 Halberdier
42:57 Plate Mail Armor
43:27 Blast Furnace
51:53 Caravan
52:24 Coinage
54:23 Conscription
56:24 Conscription
BrøweN
9:36 Loom
13:35 Feudal Age
18:42 Castle Age
16:50 Double-Bit Axe
17:00 Gold Mining
17:38 Forging
19:25 Fletching
20:11 Iron Casting
21:19 Medium Warships
22:59 Horse Collar
30:20 Wheelbarrow
33:13 Town Watch
34:13 Bow Saw
36:49 Imperial Age
34:58 Bodkin Arrow
36:24 Ballistics
37:31 Thumb Ring
38:49 Chemistry
38:31 Conscription
38:34 Bracer
39:05 Padded Archer Armor
42:14 Coinage
42:01 Hand Cart
42:56 Elite Genoese Crossbowman
45:56 Leather Archer Armor
51:34 Scale Mail Armor
52:06 Ring Archer Armor
52:37 Blast Furnace
55:56 Two-Man Saw
Dkastro
4:30 Loom
12:32 Feudal Age
13:11 Man-at-Arms
20:29 Wheelbarrow
27:40 Castle Age
27:40 Double-Bit Axe
27:36 Horse Collar
29:25 Scale Barding Armor
29:22 Padded Archer Armor
29:49 Gold Mining
34:47 Husbandry
38:18 Leather Archer Armor
45:19 Town Watch
50:58 Fletching
55:19 Hand Cart
57:13 Bodkin Arrow
NPG | Shimishi Maki
11:06 Loom
13:26 Feudal Age
17:55 Castle Age
16:02 Fishing Lines
16:23 Fletching
17:46 Crossbowman
18:58 Bodkin Arrow
19:59 Horse Collar
44:51 Imperial Age
43:00 Wheelbarrow
42:10 Town Watch
42:50 Scale Barding Armor
42:49 Gold Mining
44:39 Chain Barding Armor
44:37 Hand Cart
45:01 Forging
45:22 Bloodlines
45:19 Husbandry
46:14 Plate Barding Armor
45:19 Cavalier
46:53 Iron Casting
46:43 Savar
48:33 Light Cavalry
51:53 Blast Furnace
Connection lost

Rejoining the realm…

Still unreachable

The connection could not be restored.

Session expired

The server has moved on; the page needs a fresh start.